 Dungeon Crawl Stone Soup version 0.28.0-53-g5a82cb258f (webtiles) character file.

Game seed: 7877949354653831905

112 Sin92 the Skirmisher (level 4, 0/35 HPs)
             Began as a Demonspawn Fighter on June 16, 2022.
             Slain by a gnoll
             ... wielding a +0 spear
              (4 damage)
             ... on level 3 of the Dungeon.
             The game lasted 00:03:51 (2576 turns).

Sin92 the Skirmisher (Demonspawn Fighter)           Turns: 2576, Time: 00:03:51

Health: 0/35       AC:  6    Str: 17    XL:     4   Next: 64%
Magic:  4/4        EV:  9    Int:  9    God:
Gold:   91         SH:  5    Dex: 14    Spells: 3/3 levels left

rFire   . . .      SeeInvis .   a - +1 long sword
rCold   + . .      Faith    .   c - +0 buckler
rNeg    . . .      Spirit   .   b - +0 scale mail
rPois   .          Reflect  .   (no helmet)
rElec   .          Harm     .   (no cloak)
rCorr   .          Rampage  .   (no gloves)
Will    .....                   (no boots)
Stlth   ..........              (no amulet)
HPRegen 0.11/turn               k - ring of protection from cold
MPRegen 0.09/turn               (no ring)

@: mighty
A: demonic touch 2
a: no special abilities


You were on level 3 of the Dungeon.
You visited 1 branch of the dungeon, and saw 3 of its levels.

You collected 91 gold pieces.

Inventory:

Hand Weapons
 a - a +1 long sword (weapon)
Missiles
 g - 5 javelins (quivered)
Armour
 b - a +0 scale mail (worn)
 c - a +0 buckler (worn)
Jewellery
 k - a ring of protection from cold (left hand)
Scrolls
 e - a scroll of teleportation
Potions
 d - 2 potions of might
 i - a potion of attraction {unknown}
 l - a potion of berserk rage {unknown}


   Skills:
 + Level 3.5 Fighting
 * Level 2.9 Long Blades
 + Level 3.1 Armour
 + Level 1.4 Dodging
 + Level 3.1 Shields


You had 3 spell levels left.
You didn't know any spells.
Your spell library was empty.

Dungeon Overview and Level Annotations

Branches:
Dungeon (3/15)

Altars:

Shops:
D:1 (


Innate Abilities, Weirdness & Mutations

Your touch may inflict irresistible damage on your foes.


Message History

You have difficulty breathing.
* * * LOW HITPOINT WARNING * * *
You feel yourself slow down.
* * * LOW HITPOINT WARNING * * *
You feel very sick.
The kobold throws a stone.
The stone hits you.
* * * LOW HITPOINT WARNING * * *
It was a potion of heal wounds.
You feel much better.
You feel very sick. You block the kobold brigand's attack.
The kobold barely misses you.
The gnoll splashes around in the water.
The gnoll hits you but does no damage.
It was a potion of curing.
You feel better.
The kobold brigand hits you but does no damage.
The kobold hits you but does no damage.
The gnoll hits you from afar with a +0 spear. x2
The kobold brigand hits you with a +0 short sword.
The kobold barely misses you.
Okay, then.
The kobold brigand throws a curare-tipped dart.
The curare-tipped dart barely misses you.
The kobold throws a stone.
The stone hits you but does no damage. You block the gnoll's attack.
You see here a +0 club.
As you read the scroll labelled YNOKEIM OSSUS, it crumbles to dust.
You feel aware of your surroundings.
You sensed 1 shop/portal.
It was a scroll of magic mapping.
The gnoll hits you but does no damage.
The kobold brigand hits you but does no damage.
The gnoll hits you from afar with a +0 spear.
The kobold brigand barely misses you.
You slash the kobold brigand!
The kobold brigand is heavily wounded.
You feel yourself speed up.
The kobold brigand hits you with a +0 short sword!
* * * LOW HITPOINT WARNING * * *
You block the gnoll's attack.
The kobold brigand hits you with a +0 short sword.
* * * LOW HITPOINT WARNING * * *
The gnoll hits you from afar with a +0 spear.
You die...

#######################''########
≈≈≈≈≈≈≈≈≈≈≈≈≈≈≈≈≈≈≈≈≈≈.....≈≈≈≈≈≈
≈≈≈≈≈≈≈≈≈≈≈≈≈≈≈≈≈≈≈≈≈≈.....≈≈≈≈≈≈
≈≈≈≈≈≈≈≈≈≈≈≈≈≈≈≈≈≈≈≈≈≈....≈≈≈≈≈≈≈
≈≈≈...≈≈≈≈..≈≈≈K.g.≈≈≈....≈≈≈≈≈≈.
...............g..)........((..(.
...............g)Kg........(.....
#.#######....##K########.........
#.#######.#####.@........#.####.#
.#....<.........##########.# #.#
##..###########.# #.####.#
.............†..# #.......
#...............# ######.#
#..#.#####.###.## #.# #...## #.#
#.# #.# ...## #.# #.# #.# #..###
#.# #.# #.#


You could see a kobold brigand, 2 gnolls and a kobold.

Vanquished Creatures
  A gnoll (D:1)
  4 adders
  2 worms
  A dart slug (D:1)
  A bat (D:2)
  6 endoplasms
  4 giant cockroaches
  10 goblins
  3 hobgoblins
  2 jackals (D:3)
  5 quokkas
  A ball python (D:3)
  5 frilled lizards
  6 kobolds
  3 rats
54 creatures vanquished.

Notes
Turn   | Place    | Note
-------+----------+-------------------------------------------
     0 | D:1      | Sin92 the Demonspawn Fighter began the quest for the Orb.
     0 | D:1      | Reached XP level 1. HP: 18/18 MP: 1/1
    28 | D:1      | Found a faded altar of an unknown god.
   175 | D:1      | Gained mutation: Your touch may inflict minor irresistible
                  | damage on your foes. [demonic ancestry]
   175 | D:1      | Reached XP level 2. HP: 24/24 MP: 2/2
   462 | D:1      | Found Keuqir's Weapon Shoppe.
   526 | D:1      | Gained mutation: Your touch may inflict irresistible damage
                  | on your foes. [demonic ancestry]
   526 | D:1      | Reached XP level 3. HP: 21/29 MP: 3/3
  1061 | D:2      | Reached skill level 1 in Dodging
  1629 | D:2      | Reached XP level 4. HP: 35/35 MP: 4/4
  2553 | D:3      | Noticed a kobold brigand
  2567 | D:3      | HP: 1/35 [kobold/stone (2)]
  2576 | D:3      | Slain by a gnoll

Illustrated notes

Levels and vault maps discovered:
D:1:      roderic_dead_forest, layout_basic, basic_ecumenical_altar,
          serial_shops, shop, minmay_misc_feat_secret_circle,
          minmay_tetromino_i4
D:2:      layout_basic, minmay_fountain_box
D:3:      minmay_goblin_kobold_castle, layout_loops_ring, serial_shops,
          nicolae_shop_waterfront

Skill      XL: |  1  2  3 |
---------------+----------+-----
Long Blades    | 2 |  2.9
Dodging        | 1 |  1.4
Armour         | 3 |  3.1
Shields        | 3 |  3.1
Fighting       | |  3.5

Action                   |  1- 3 |  4- 6 || total
-------------------------+-------+-------++-------
Melee: Long sword        |    91 |    53 ||   144
  Use: Scroll            |       |     6 ||     6
       Potion            |       |     3 ||     3
Armor: Scale mail        |    42 |    33 ||    75
Dodge: Dodged            |    43 |    25 ||    68
Block: Buckler           |    24 |    24 ||    48
